 Dungeon Crawl Stone Soup version 0.29.1-2-gbd0b4ee654 (webtiles) character file.

Game seed: 6799766872689056821

55 dualclasshuman the Chopper (level 3, -6/33 HPs)
             Began as a Minotaur Berserker on Nov 16, 2022.
             Was a Believer of Trog.
             Mangled by a shadow wraith (14 damage)
             ... on level 1 of the Abyss.
             The game lasted 00:03:26 (2286 turns).

dualclasshuman the Chopper (Minotaur Berserker)     Turns: 2286, Time: 00:03:26

Health: -6/33      AC:  4    Str: 23    XL:     3   Next: 67%
Magic:  2/2        EV: 12    Int:  4    God:    Trog [**....]
Gold:   71         SH:  0    Dex:  9    Spells: 2/2 levels left

rFire   . . .      SeeInvis .   a - +0 hand axe
rCold   . . .      Faith    .   (no shield)
rNeg    . . .      Spirit   .   o - +0 leather armour
rPois   +          Reflect  .   (helmet restricted)
rElec   .          Harm     .   n - +0 cloak
rCorr   .          Rampage  .   (no gloves)
Will    .....                   (no boots)
Stlth   +.........              (no amulet)
HPRegen 0.11/turn               l - ring of poison resistance
MPRegen 0.08/turn               (no ring)

@: slowed, very slow
A: horns 2, retaliatory headbutt
a: Renounce Religion, Berserk, Trog's Hand


You were on level 1 of the Abyss.
You worshipped Trog.
Trog was pleased with you.
You visited 1 branch of the dungeon, and saw 3 of its levels.
You visited the Abyss 1 time.

You collected 71 gold pieces.

Inventory:

Hand Weapons
 a - a +0 hand axe (weapon)
Missiles
 e - 7 poisoned darts (quivered)
Armour
 b - a +0 animal skin
 n - a +0 cloak (worn)
 o - a +0 leather armour (worn)
Jewellery
 l - a ring of poison resistance (left hand)
Scrolls
 d - a scroll of torment {unknown}
 g - 5 scrolls of identify {unknown}
 h - 3 scrolls of teleportation {unknown}
 k - a scroll of noise {unknown}
 m - a scroll of brand weapon {unknown}
 p - a scroll of summoning {unknown}
 r - a scroll of butterflies {unknown}
 s - a scroll of immolation {unknown}
Potions
 c - a potion of flight {unknown}
 f - 2 potions of brilliance {unknown}
 i - a potion of curing
 j - a potion of degeneration {unknown}
 q - a potion of haste {unknown}
 t - a potion of berserk rage {unknown}
 u - a potion of resistance {unknown}


   Skills:
 + Level 4.2 Fighting
 + Level 4.8 Axes
 + Level 2.7 Armour
 + Level 2.5 Dodging


You had 2 spell levels left.
You didn't know any spells.
Your spell library was empty.

Dungeon Overview and Level Annotations

Branches:
Dungeon (3/15)

Altars:

Annotations:
D:3 1 runed translucent door, zeram's ghost, amateur TrSu


Innate Abilities, Weirdness & Mutations

You have a pair of horns on your head.
You reflexively headbutt those who attack you in melee.


Message History

It was a potion of curing.
You feel better. The gnoll barely misses you.
A red film seems to cover your vision as you go berserk!
You feel yourself moving faster!
You feel mighty!
A rat comes into view.
The gnoll closely misses you.
The gnoll throws a throwing net.
The throwing net barely misses you.
You closely miss the gnoll.
The gnoll is heavily wounded.
The gnoll completely misses you. The gnoll misses you.
You slash the gnoll!
You kill the gnoll!
Trog accepts your kill. The gnoll misses you. The gnoll closely misses you.
Items here: ( ) ††.
You slash the gnoll!
The gnoll is heavily wounded.
The gnoll hits you from afar with a +1 spear of distortion.
Space warps around you.
Found a stone staircase leading up.
The gnoll barely misses you.
The gnoll hits you with a +1 spear of distortion.
You are cast into the Abyss!
This branch contains the abyssal rune of Zot.
You feel a strong urge to attack something.
You feel your anger nearly subside.
You are no longer berserk.
You are exhausted.
You feel yourself slow down.
You start resting.
You feel yourself speed up.
You start resting.
You recover from your berserk rage.
You start resting.
There is a strange disturbance nearby!
You hear a chilling moan.
Something hits you!
Ouch! That really hurt!
* * * LOW HITPOINT WARNING * * *
Something drains your vigour!
You feel yourself slow down.
Deactivating autopickup; reactivate with Ctrl-A.
You hit something. Something hits you!
You die...

. .. # ##. #
##.#. ... ### #
#
#.####.#..#####
.........##...##
.
#.####.#..#..#.#
. # ##..@#.## #
. ######.### ###
. . # . #


There were no monsters in sight!

Vanquished Creatures
  A gnoll (D:3)
  2 orcs
  10 ball pythons
  6 endoplasms
  3 giant cockroaches
  4 hobgoblins
  4 kobolds
  4 bats
  2 frilled lizards (D:2)
  A goblin (D:3)
  2 rats
39 creatures vanquished.

Notes
Turn   | Place    | Note
-------+----------+-------------------------------------------
     0 | D:1      | dualclasshuman the Minotaur Berserker began the quest for
                  | the Orb.
     0 | D:1      | Reached XP level 1. HP: 19/19 MP: 0/0
   493 | D:1      | Reached XP level 2. HP: 26/27 MP: 1/1
   740 | D:1      | Found a faded altar of an unknown god.
  1186 | D:1      | Reached ** piety under Trog
  1348 | D:2      | Reached XP level 3. HP: 25/33 MP: 2/2
  1969 | D:3      | Found a runed translucent door.
  1976 | D:3      | Noticed zeram's ghost (amateur TrSu)
  1976 | D:3      | Noticed a bullfrog
  2175 | Abyss:1  | Cast into level 1 of the Abyss (gnoll)
  2286 | Abyss:1  | Mangled by a shadow wraith

Illustrated notes

Levels and vault maps discovered:
D:1:      lightli_arrival_lavapool, layout_basic,
          hellmonk_ecumenical_altar_heavens_door,
          chequers_serial_rivers_small_a, chequers_serial_rivers_small_a
D:2:      layout_loops_cross, kennysheep_boxes
D:3:      layout_loops_corners, nicolae_ru_awakened_eye,
          grunt_temple_overflow_open, ebering_ghost_sewer_f
Abyss:1:  base:
D:1

Skill      XL: |  1  2 |
---------------+-------+-----
Axes           | 4 |  4.8
Fighting       | 4 |  4.2
Armour         | |  2.7
Dodging        | |  2.5

Action                   || total
-------------------------++-------
Melee: Hand axe          ||    80
       Headbutt          ||    12
Invok: Berserk           ||     1
  Use: Potion            ||     1
Armor: Animal skin       ||     7
       Leather armour    ||    10
Dodge: Dodged            ||    54
